 Dungeon Crawl Stone Soup version 0.17-a0-2118-g63bad21 (webtiles) character file.

126 Weishaupt the Slasher (level 5, -3/45 HPs)
             Began as a Hill Orc Fighter on Oct 20, 2015.
             Killed by nerve-wracking pain
             ... invoked by Jessica
              (14 damage)
             ... on level 3 of the Dungeon.
             The game lasted 00:07:11 (1629 turns).

Weishaupt the Slasher (Hill Orc Fighter)            Turns: 1629, Time: 00:07:11

Health: -3/45      AC:  6    Str: 24    XL:     5   Next: 9%
Magic:  5/5        EV:  7    Int:  8    God:
Gold:   92         SH:  9    Dex: 11    Spells: 0 memorised, 4 levels left

rFire  . . .     SeeInvis .     a - +1 long sword
rCold  . . .     Clarity  .     b - +0 scale mail
rNeg   . . .     SustAt   .     c - +0 shield
rPois  .         Gourm    .     (no helmet)
rElec  .         Spirit   .     (no cloak)
rCorr  .         Warding  .     (no gloves)
rMut   .         Stasis   .     (no boots)
MR     .....                    (no amulet)
Stlth  +.........               (no ring)
                                h - ring of stealth

@: mighty, not resistant to hostile enchantments, very unstealthy
A: no striking features
a: no special abilities


You were on level 3 of the Dungeon.
You were not hungry.

You visited 1 branch of the dungeon, and saw 3 of its levels.

You collected 92 gold pieces.

Inventory:

Hand Weapons
 a - a +1 long sword (weapon)
Armour
 b - a +0 scale mail (worn)
 c - a +0 shield (worn)
Jewellery
 h - a ring of stealth (left hand)
Potions
 f - a potion of curing {unknown}
 g - a potion of heal wounds {unknown}
 i - a potion of invisibility {unknown}
 k - a potion of ambrosia {unknown}
Comestibles
 e - a bread ration
 j - 2 meat rations


   Skills:
 - Level 3.6 Fighting
 + Level 5.6 Long Blades
 - Level 3.2 Armour
 - Level 3.2 Shields


You had 4 spell levels left.
You didn't know any spells.

Dungeon Overview and Level Annotations

Branches:
Dungeon (3/15)

Altars:
Ashenzari
Kikubaaqudgha
Makhleb
Nemelex Xobeh
Qazlal
Xom
Yredelemnul

Annotations:
D:3 Jessica


Message History

Jessica hits you but does no damage.
You closely miss Jessica.
Jessica is no longer moving quickly.
Jessica hits you but does no damage. x3
You closely miss Jessica.
You feel less confused.
Jessica gestures wildly while chanting.
Jessica blinks!
Jessica casts a spell.
Jessica blinks!
You feel yourself speed up.
Jessica shouts, "You're disturbing me!
I'll have to kill you!"
You closely miss Jessica. Jessica hits you but does no damage.
You closely miss Jessica. You block Jessica's attack.
Jessica barely misses you.
You closely miss Jessica. Jessica hits you with a dagger.
* * * LOW HITPOINT WARNING * * *
You barely miss Jessica. Jessica gestures at you while chanting.
Pain shoots through your body!
You die...

.......#.# ####........
###### ##..........
##....# ##........=.#
##...... ............##
#....<). ..........$..#
#....... #..$.........#
##...... #.........>.#
#......#
##...@@...†.####..#####
#....###..........#
..... ##..#..##>..#
#.....##...#..##)###
..........###..).#
..#.###...###..### .
#....#.)..)#
#..#.....#.#
#..##....#.#


You could see Jessica.

Vanquished Creatures
  4 gnolls (D:3)
  4 adders (D:2)
  3 worms (D:2)
  2 giant geckos (D:1)
  3 ball pythons
  8 hobgoblins
  2 kobolds
  A quokka (D:2)
  6 bats
  A giant newt (D:3)
  6 goblins
  7 rats
47 creatures vanquished.

Notes
Turn   | Place    | Note
--------------------------------------------------------------
     0 | D:1      | Weishaupt the Hill Orc Fighter began the quest for the Orb.
     0 | D:1      | Reached XP level 1. HP: 19/19 MP: 1/1
   308 | D:1      | Reached XP level 2. HP: 26/26 MP: 2/2
   697 | D:2      | Found a shattered altar of Ashenzari.
   697 | D:2      | Found an ancient bone altar of Kikubaaqudgha.
   698 | D:2      | Found a basalt altar of Yredelemnul.
   700 | D:2      | Found a stormy altar of Qazlal.
   700 | D:2      | Found a burning altar of Makhleb.
   700 | D:2      | Found a shimmering altar of Xom.
   718 | D:2      | Reached XP level 3. HP: 21/31 MP: 3/3
   736 | D:2      | Reached skill level 4 in Long Blades
   810 | D:2      | Reached XP level 4. HP: 6/39 MP: 4/4
  1351 | D:2      | Found a sparkling altar of Nemelex Xobeh.
  1428 | D:2      | Reached skill level 5 in Long Blades
  1577 | D:3      | Reached XP level 5. HP: 16/45 MP: 5/5
  1593 | D:3      | Noticed Jessica
  1629 | D:3      | Killed from afar by Jessica

Vault maps used:
D:1:      minmay_arrival_solitary_statue, minmay_misc_feat_columns,
          corner_web_ring
D:2:      nemelex_xobeh_ov_fountains_minmay, grunt_temple_overflow_open
D:3:      overflow_temple_1_default, first_bread, uniq_jessica

Action                   |  1- 3 |  4- 6 || total
-------------------------+-------+-------++-------
Melee: Long sword        |    98 |    84 ||   182
  Use: Scroll            |     4 |       ||     4
       Potion            |       |     1 ||     1
  Eat: Bread ration      |       |     1 ||     1
